 Dungeon Crawl Stone Soup version 0.28.0-47-ge53b351184 (webtiles) character file.

Game seed: 15955793547848792224

36 GigaChad the Insei (level 3, 0/27 HPs)
             Began as a Demigod Transmuter on May 5, 2022.
             Slain by a bat (1 damage)
             ... on level 2 of the Dungeon.
             The game lasted 00:03:28 (2085 turns).

GigaChad the Insei (Demigod Transmuter)             Turns: 2085, Time: 00:03:28

Health: 0/27       AC:  6    Str: 11    XL:     3   Next: 5%
Magic:  8/8        EV: 13    Int: 15    God:
Gold:   58         SH:  0    Dex: 18    Spells: 5/6 levels left

rFire   . . .      SeeInvis +   j - +0 dagger
rCold   . . .      Faith    .   (no shield)
rNeg    . . .      Spirit   .   a - +0 robe
rPois   .          Reflect  .   (no helmet)
rElec   .          Harm     .   (no cloak)
rCorr   .          Rampage  .   (no gloves)
Will    .....                   (no boots)
Stlth   ++........              (no amulet)
HPRegen 0.09/turn               f - +4 ring of protection
MPRegen 0.11/turn               g - ring of see invisible

@: no status effects
A: high MP 1, forlorn, divine attributes
a: no special abilities


You were on level 2 of the Dungeon.
You visited 1 branch of the dungeon, and saw 2 of its levels.

You collected 58 gold pieces.

Inventory:

Hand Weapons
 j - a +0 dagger (weapon)
Armour
 a - a +0 robe (worn)
 e - a +0 helmet
Jewellery
 f - a +4 ring of protection (left hand)
 g - a ring of see invisible (right hand)
Scrolls
 b - a scroll of noise {unknown}
 d - a scroll of teleportation
 h - 2 scrolls of identify {unknown}
 i - a scroll of immolation {unknown}
Potions
 c - a potion of invisibility {unknown}


   Skills:
 + Level 0.9 Fighting
 + Level 2.3 Dodging
 + Level 0.3 Stealth
 + Level 3.2 Unarmed Combat
 + Level 2.0 Spellcasting
 + Level 2.0 Transmutations


You had 5 spell levels left.
You knew the following spells:

 Your Spells              Type           Power      Damage    Failure   Level
a - Beastly Appendage     Tmut           14%        N/A       10%         1

Your spell library contained the following spells:

 Spells                   Type           Power      Damage    Failure   Level
 Wereblood                Tmut           7%         N/A       14%         2
 Spider Form              Tmut/Pois      4%         N/A       41%         3
 Ice Form                 Ice/Tmut       4%         N/A       82%         4


Dungeon Overview and Level Annotations

Branches:
Dungeon (2/15)

Shops:
D:1 (


Innate Abilities, Weirdness & Mutations

You have an increased reservoir of magic. (+10% MP)
You shall have no god before yourself.
Your divine heritage dramatically boosts your attributes as you level up.


Message History

The endoplasm barely misses you. The worm closely misses you.
The bat closely misses you.
You hit the worm.
The worm is moderately wounded.
The bat hits you but does no damage. The endoplasm freezes you.
You are frozen.
The worm misses you.
You hit the worm.
The worm is moderately wounded.
The endoplasm misses you. The bat misses you.
You hit the worm.
The worm is heavily wounded.
The bat barely misses you. The endoplasm hits you. The worm closely misses you.
You barely miss the worm.
The worm is heavily wounded.
The bat closely misses you. The bat misses you.
The endoplasm hits you but does no damage.
The bat misses you.
You hit the worm.
The worm is heavily wounded.
The bat barely misses you. The endoplasm closely misses you.
The worm bites you!
You hit the worm.
The worm is severely wounded.
The bat hits you but does no damage. The endoplasm barely misses you.
The worm bites you.
You hit the worm but do no damage.
The worm is severely wounded.
The bat closely misses you. The endoplasm freezes you.
You are frozen.
* * * LOW HITPOINT WARNING * * *
You hit the worm.
The worm is almost dead.
The bat barely misses you. x2; The endoplasm misses you.
The worm bites you.
* * * LOW HITPOINT WARNING * * *
You hit the worm.
The worm is almost dead.
The bat closely misses you. The bat hits you.
You die...

#.####.## ...
#.......# ##)##
#.......# .....
#.......# #...#
#.......# # #...#
#.......#
#.#...#.#.).....#
#..Jwb..#.......#
###@####......##
#..(......###.#
#.#.#.###.#
#.#####. #.#.#.#
#.###....... #
#...#
#......#####
###.# ###....####
#.#####.........
........##.#####
.#####...#.#


You could see a worm, an endoplasm and a bat.

Vanquished Creatures
  A dart slug (D:1)
  5 ball pythons
  4 bats
  4 endoplasms
  4 hobgoblins (D:1)
  4 jackals (D:1)
  4 kobolds (D:1)
  A quokka (D:1)
  A frilled lizard (D:1)
  2 rats (D:1)
30 creatures vanquished.

Vanquished Creatures (others)
  3 withered plants (D:1)
3 creatures vanquished.

Grand Total: 33 creatures vanquished

Notes
Turn   | Place    | Note
-------+----------+-------------------------------------------
     0 | D:1      | GigaChad the Demigod Transmuter began the quest for the
                  | Orb.
     0 | D:1      | Reached XP level 1. HP: 15/15 MP: 5/5
   465 | D:1      | Reached skill level 3 in Unarmed Combat
   468 | D:1      | Reached XP level 2. HP: 18/22 MP: 5/7
  1874 | D:1      | Found Zaecoah's Weapon Boutique.
  2010 | D:2      | Reached XP level 3. HP: 27/27 MP: 8/8
  2084 | D:2      | HP: 1/27 [worm (3)]
  2085 | D:2      | Slain by a bat

Illustrated notes

Levels and vault maps discovered:
D:1:      dpeg_arrival_simpleton_a, layout_basic,
          ebering_ecumenical_altar_petrified, serial_shops, nicolae_shop_stone
D:2:      layout_loops_cross

Skill      XL: |  1  2 |
---------------+-------+-----
Unarmed Combat | 3 |  3.2
Dodging        | 2 |  2.3
Transmutations | 2 |  2.0
Spellcasting   | 2 |  2.0
Fighting       | |  0.9
Stealth        | |  0.3

Action                   || total
-------------------------++-------
Melee: Unarmed           ||    99
       Headbutt          ||     4
       Kick              ||     2
       Dagger            ||    22
       Punch             ||     3
 Cast: Beastly Appendage ||     3
  Use: Scroll            ||     1
 Stab: Sleeping          ||     2
Armor: Robe              ||    70
Dodge: Dodged            ||   161
